 Dungeon Crawl Stone Soup version 0.25-a0-424-g80bd347ae0 (webtiles) character file.

Game seed: 9532116582029840564, levelgen mode: deterministic

35 Elellon the Chiller (level 3, 0/24 HPs)
             Began as a Merfolk Ice Elementalist on Jan 23, 2020.
             Slain by a worm (10 damage)
             ... on level 2 of the Dungeon.
             The game lasted 00:03:28 (1682 turns).

Elellon the Chiller (Merfolk Ice Elementalist)      Turns: 1682, Time: 00:03:29

Health: 0/24       AC:  2    Str:  8    XL:     3   Next: 33%
Magic:  6/6        EV: 13    Int: 15    God:
Gold:   79         SH:  0    Dex: 14    Spells: 5/6 levels left

rFire    . . .     SeeInvis .   b - +0 spear
rCold    . . .     Gourm    .   (no shield)
rNeg     . . .     Faith    .   a - +0 robe
rPois    .         Spirit   .   (no helmet)
rElec    .         Reflect  .   (no cloak)
rCorr    .         Harm     .   (no gloves)
MR       .....                  (no boots)
Stlth    ++........             (no amulet)
HPRegen  0.08/turn              (no ring)
MPRegen  0.10/turn              (no ring)

@: no status effects
A: change form in water, swift swim, stealthy swim
a: no special abilities


You were on level 2 of the Dungeon.
You were hungry.

You visited 1 branch of the dungeon, and saw 2 of its levels.

You collected 79 gold pieces.

Inventory:

Hand Weapons
 b - a +0 spear (weapon)
Missiles
 f - 13 poisoned darts (quivered)
Armour
 a - a +0 robe (worn)
Jewellery
 h - an uncursed ring of positive energy {unknown}
Scrolls
 e - a scroll of amnesia {unknown}
 g - a scroll of remove curse {unknown}
Potions
 d - 2 potions of mutation {unknown}
Comestibles
 c - 2 rations
 i - a chunk of flesh


   Skills:
 + Level 4.1 Polearms
 - Level 2.6 Dodging
 - Level 2.1 Stealth
 - Level 2.0 Spellcasting
 - Level 4.4 Ice Magic


You had 5 spell levels left.
You knew the following spells:

 Your Spells              Type           Power        Failure   Level  Hunger
a - Freeze                Ice            ##..         3%          1    #......

Your spell library contained the following spells:

 Spells                   Type           Power        Failure   Level  Hunger
 Ozocubu's Armour         Chrm/Ice       #.......     26%         3    ###....
 Hailstorm                Conj/Ice       #.......     65%         4    #####..
 Summon Ice Beast         Ice/Summ       #.......     65%         4    #####..


Dungeon Overview and Level Annotations

Branches:
Dungeon (2/15)

Altars:


Message History

You are feeling hungry.
You barely miss the worm.
The worm is lightly wounded.
You hit the worm.
The worm is moderately wounded.
The worm bites you.
You are too injured to fight recklessly!
You are too injured to fight recklessly!
You are too injured to fight recklessly!
You hit the worm.
The worm is heavily wounded.
You hit the worm.
The worm is heavily wounded.
The worm misses you.
You hit the worm.
The worm is severely wounded.
You hit the worm but do no damage.
The worm is severely wounded.
The worm bites you!
You die...

##.#.##
##.#.##
##.#.##
##.#.#
##.#.##
##.#.##
##.#.##
#.#.##
#.#@##
.#w##
#.# #.#
#.# ##


You could see a worm.

Vanquished Creatures
  A dart slug (D:1)
  3 leopard geckos (D:1)
  3 giant cockroaches (D:1)
  3 goblins
  2 hobgoblins
  3 jackals (D:1)
  2 kobolds (D:1)
  5 bats
  2 frilled lizards (D:1)
  5 rats
29 creatures vanquished.

Notes
Turn   | Place    | Note
-------+----------+-------------------------------------------
     0 | D:1      | Elellon the Merfolk Ice Elementalist began the quest for
                  | the Orb.
     0 | D:1      | Reached XP level 1. HP: 13/13 MP: 3/3
    91 | D:1      | Reached skill level 1 in Polearms
   162 | D:1      | Reached XP level 2. HP: 15/19 MP: 5/5
  1091 | D:1      | Reached XP level 3. HP: 13/24 MP: 6/6
  1682 | D:2      | Slain by a worm

Levels and vault maps discovered:
D:1:      dpeg_arrival_simpleton_c, layout_loops_corners
D:2:      minmay_inner_zag, layout_loops_ring, zin_angel, elyvilon_altar_3,
          roderic_nine_men_s_morris, minmay_tripent

Skill      XL: |  1  2  3 |
---------------+----------+-----
Polearms       | 2 3 4 |  4.1
Dodging        | |  2.6
Stealth        | |  2.1
Spellcasting   | |  2.0
Ice Magic      | |  4.4

Action                   || total
-------------------------++-------
Melee: Spear             ||   122
 Cast: Freeze            ||     2
 Stab: Sleeping          ||     6
       Distracted        ||     1
  Eat: Chunk             ||     2
Armor: Robe              ||     4
Dodge: Dodged            ||    66

Table legend:
 A = Non-vault XP
 B = Vault XP
 C = Vault XP percentage of total XP
 D = Non-vault monster count
 E = Vault monster count
 F = Vault count percentage of total count
                 A         B        C        D         E       F
            +---------+---------+-------+---------+---------+-------
      Total |      50 |       0 |   0.0 |      29 |       0 |   0.0
            +---------+---------+-------+---------+---------+-------
        D:1 |      44 |       0 |   0.0 |      25 |       0 |   0.0
        D:2 |       6 |       0 |   0.0 |       4 |       0 |   0.0
            +---------+---------+-------+---------+---------+-------
